AoeStats
← ilia topuria

Arena

510858389Analyzed
3v3 RM · 12h ago on Oct 2, 2026· 22m 42s· 6 players
Game mode
Random Map
Map size
Normal (6 player)
Population
200
Speed
Normal
Resources
Standard
Victory
Conquest
Starting age
Dark Age
Ending age
Imperial Age
RankedLock teamsTeams togetherTeam positionsShared explorationLock speedFull tech treeHidden civsTurbo modeCheats
Victory
Defeat
🇹🇷 Malians · Türkiye
1188
+14
🇹🇷 Teutons · Türkiye
1046
+20
🇹🇷 Khmer · Türkiye
1016
+21
🇩🇪 Mongols · Germany
1207
-21
🇩🇪 Bohemians · Germany
1193
-21
🇩🇪 Sicilians · Germany
1003
-13
EtZeL
10:05 Feudal Age
17:04 Town Watch
18:58 Loom
19:16 Horse Collar
ilia topuria
7:10 Loom
9:13 Feudal Age
13:33 Castle Age
11:39 Scale Mail Armor
11:17 Man-at-Arms
12:19 Arson
13:41 Long Swordsman
15:35 Chain Mail Armor
16:54 Squires
19:02 Chain Mail Armor
reconquista.ad
10:08 Feudal Age
13:16 Castle Age
21:47 Bloodlines
21:44 Scale Barding Armor
Kampfschafadmiral
10:46 Feudal Age
12:46 Double-Bit Axe
13:22 Horse Collar
15:46 Castle Age
17:16 Bow Saw
DS
11:35 Feudal Age
15:23 Castle Age
13:22 Double-Bit Axe
13:32 Horse Collar
14:49 Gold Mining
21:53 Forging
Philister
5:28 Loom
12:31 Feudal Age
Connection lost

Rejoining the realm…

Still unreachable

The connection could not be restored.

Session expired

The server has moved on; the page needs a fresh start.